 Dungeon Crawl Stone Soup version 0.31-a0-182-gc5ef74bbde (webtiles) character file.

Game seed: 8050366089339316630

51453 qw the Severer (level 14, 0/92 HPs)
             Began as a Gargoyle Fighter on June 20, 2023.
             Was an Elder of Okawaru.
             Slain by a seven-headed hydra (5 damage)
             ... on level 5 of the Lair of Beasts.
             The game lasted 00:09:44 (16127 turns).

qw the Severer (Gargoyle Fighter)                  Turns: 16127, Time: 00:09:44

Health: 0/92       AC: 33    Str: 23    XL:     14   Next: 59%
Magic:  17/21      EV:  9    Int: 11    God:    Okawaru [****..]
Gold:   714        SH: 11    Dex:  9    Spells: 13/13 levels left

rFire   + . .        j - +0 flail
rCold   . . .        c - +0 buckler
rNeg    + + .        n - +0 plate armour
rPois   inf          b - +0 helmet
rElec   +            (no cloak)
rCorr   +            l - +1 pair of gloves
SInv    .            z - +0 pair of boots
Will    +....        v - amulet of reflection Stlth
                     m - ring of protection from fire
HPRegen 0.35/turn    C - ring "Jocsuipp" {rN+ rCorr}
MPRegen 0.17/turn

%: reflection
@: about to teleport, heroic, finesse-ful, flying
A: sickness immunity, AC +10, big wings, negative energy resistance 1,
electricity resistance, torment resistance 1, petrification resistance
a: Renounce Religion, Heroism, Finesse


You were on level 5 of the Lair of Beasts.
You worshipped Okawaru.
Okawaru was greatly pleased with you.
You visited 3 branches of the dungeon, and saw 17 of its levels.
You also visited: Ossuary.

You collected 1076 gold pieces.
You spent 362 gold pieces at shops.


Innate Abilities, Weirdness & Mutations

You are immune to sickness and miasma.
Your stone body is resilient. (AC +10)
You are immune to poison.
Your large and strong wings let you fly.
You resist negative energy. (rN+)
You are resistant to electric shocks. (rElec)
You are resistant to unholy torment.
You are immune to petrification.


   Skills:
 - Level 12.0(17.0) Fighting
 - Level 15.2(20.2) Axes
 - Level 6.0(11.0) Throwing
 - Level 11.0(16.0) Armour
 - Level 2.0(7.0) Dodging
 + Level 7.6(12.6) Shields
 - Level 10.0 Invocations


You had 13 spell levels left.
You didn't know any spells.
Your spell library was empty.

Inventory:

Hand Weapons
 g - a +3 vampiric broad axe
 j - a +0 flail (weapon)
 y - a +1 heavy broad axe
Missiles
 o - 2 silver javelins (quivered)
 s - 2 javelins
 w - 9 boomerangs
Armour
 b - a +0 helmet (worn)
 c - a +0 buckler (worn)
 l - a +1 pair of gloves (worn)
 n - a +0 plate armour (worn)
 r - +0 acid dragon scales
 z - a +0 pair of boots (worn)
Jewellery
 m - a ring of protection from fire (left hand)
 v - an amulet of reflection (around neck)
 B - a ring of ice
 C - the ring "Jocsuipp" (right hand) {rN+ rCorr}
   (You found it on level 4 of the Lair of Beasts)

   [ring of positive energy]

   rN:        It protects you from negative energy.
   rCorr:     It protects you from acid and corrosion.
 D - a ring of fire
Wands
 u - a wand of digging (5)
Scrolls
 a - a scroll of identify
 q - 3 scrolls of teleportation
Potions
 d - 3 potions of might
 e - 2 potions of haste
 f - 2 potions of enlightenment
 h - 4 potions of mutation
 i - 4 potions of attraction
 k - a potion of magic
 p - 7 potions of curing
 t - a potion of lignification
 x - 2 potions of resistance

Dungeon Overview and Level Annotations

Branches:
Dungeon (11/15)            Temple (1/1) D:5            Lair (5/5) D:11
 Shoals (0/4) Lair:2       Spider (0/4) Lair:2        Slime (0/5) Lair:4
    Orc (0/2) D:9         Ossuary (visited)

Altars:
Ashenzari
Cheibriados
Dithmenos
Elyvilon
Fedhas
Gozag
Hepliaklqana
Kikubaaqudgha
Makhleb
Nemelex Xobeh
Okawaru
Qazlal
Ru
Sif Muna
Trog
Uskayaw
Vehumet
Wu Jian
Xom
Yredelemnul
Zin
The Shining One
Jiyva

Shops:
D:7 *

Annotations:
D:9 2 transporters


Message History

The seven-headed hydra bites you but does no damage.
The seven-headed hydra barely misses you.
You block the seven-headed hydra's attack. x2
The seven-headed hydra bites you!
You block the seven-headed hydra's attack.
The seven-headed hydra bites you.
16124 ||| READING 4 scrolls of teleportation.
As you read the scroll of teleportation, it crumbles to dust.
You feel strangely unstable. You block the black mamba's attack.
The wyvern bites the fungus.
The dream sheep barely misses you. You block the elephant's attack.
The elephant trunk-slaps you but does no damage.
You block the elephant's attack.
The elephant trunk-slaps you but does no damage.
The boggart gestures wildly while chanting.
The boggart flickers and vanishes!
Deactivating autopickup; reactivate with Ctrl-A.
The black mamba bites you!
The wyvern bites the fungus!
The seven-headed hydra bites you but does no damage. x2
The seven-headed hydra barely misses you.
You block the seven-headed hydra's attack.
The seven-headed hydra bites you but does no damage.
The seven-headed hydra barely misses you. x2
You hit the elephant but do no damage.
The elephant is severely wounded.
You block the dream sheep's attack.
You bludgeon the elephant!!
The elephant is almost dead.
A nearby fungus withers and dies.
The black mamba bites you! The elephant tramples you.
You hold your ground!
The elephant trunk-slaps you but does no damage.
The elephant tramples you but does no damage.
You block the elephant's attack.
You bludgeon the elephant!!
You kill the elephant!
Okawaru accepts your kill. The black mamba closely misses you.
The seven-headed hydra bites you but does no damage. x2
The seven-headed hydra bites you.
You die...

#. P .... .. ..P. ... #...
....### #.#.## ##
.....P.##.#...#...
......P#F##.......
.....lS@D%........ ~
.#.#..Y#YY(.......
.~~~#...###..F%Y%%%......
....~.D...#.#.............#
P...~.P........%...P#######
#.~~~..............##
....~~.P.....##....#
.)...~....#..##....#
..P..~....(.h.##....


You could see a seven-headed hydra, an elephant, a black mamba, 2 cane toads, a
wyvern and 3 dream sheep.

Vanquished Creatures
  3 hydras
  2 centaur warriors
  3 two-headed ogres
  A boulder beetle (D:8)
  10 death yaks
  A catoblepas (Lair:4)
  Pikel (D:6)
  An orb spider (Lair:2)
  A cyclops (D:11)
  2 ugly things
  A manticore (D:11)
  13 elephants
  6 black mambas
  A water nymph (Lair:2)
  A gargoyle (D:11)
  2 rime drakes (Lair:3)
  An unseen horror (D:11)
  8 komodo dragons
  14 cane toads
  2 kobold demonologists (D:11)
  A queen bee (shapeshifter) (D:9)
  A meliai (D:9)
  4 hornets
  2 polar bears
  2 trolls
  10 blink frogs
  Prince Ribbit (D:5)
  Grinder (D:3)
  18 dream sheep
  A shadow (D:10)
  A slime creature (shapeshifter) (D:9)
  Sigmund (D:5)
  33 yaks
  8 wyverns
  2 basilisks
  A wraith (D:9)
  2 vampires
  2 redbacks (Lair:5)
  A steam dragon (D:7)
  7 vampire mosquitoes (D:11)
  5 acid dragons
  11 water moccasins
  2 swamp drakes (Lair:5)
  2 orc warriors
  2 ice beasts
  A black bear (Lair:5)
  A sky beast (D:8)
  A boggart (Lair:5)
  6 wolves
  2 ogres
  3 lemures (D:6)
  3 centaurs
  2 phantoms (D:6)
  5 kobold brigands
  11 bullfrogs
  2 gnoll sergeants
  2 scorpions
  13 wights
  12 killer bees
  2 electric eels (Lair:2)
  8 howler monkeys
  2 centaur zombies (Ossuary)
  15 jellies
  5 orc priests
  A hound (D:6)
  2 human zombies (Ossuary)
  Terence (D:2)
  4 gnoll boudas
  11 hell rats
  3 iguanas
  Natasha (D:3)
  2 orc wizards
  A statue (D:7)
  4 mummies
  13 gnolls
  7 adders
  A shadow imp (D:5)
  6 ufetubi
  2 worms
  6 dart slugs
  37 orcs
  5 bats
  6 endoplasms
  5 giant cockroaches
  10 goblins
  3 hobgoblins
  4 jackals (D:2)
  A quokka (D:3)
  8 ball pythons
  4 frilled lizards
  A gnoll zombie (Ossuary)
  3 hobgoblin zombies
  22 kobolds
  2 kobold zombies
  3 orc zombies (D:6)
  12 rats
482 creatures vanquished.

Vanquished Creatures (others)
  A dream sheep (Lair:5)
1 creature vanquished.

Grand Total: 483 creatures vanquished

Notes
Turn   | Place    | Note
-------+----------+-------------------------------------------
     0 | D:1      | qw the Gargoyle Fighter began the quest for the Orb.
     0 | D:1      | Reached XP level 1. HP: 14/14 MP: 1/1
     0 | D:1      | 0 ||| qw: Version: 0.3-a-9-g12657ce
     0 | D:1      | 0 ||| qw: Game counter: 1461
     0 | D:1      | 0 ||| qw: Always use a shield: true
     0 | D:1      | 0 ||| qw: God list: Okawaru
     0 | D:1      | 0 ||| qw: Allow faded altars: false
     0 | D:1      | 0 ||| qw: Do Orc after D:15 true
     0 | D:1      | 0 ||| qw: Do second Lair branch before Depths: true
     0 | D:1      | 0 ||| qw: Lair rune preference: random
     0 | D:1      | 0 ||| qw: Plans: Normal, Zot:1-4, Slime:5, God:TSO, Crypt,
                  | Tomb, Abyss, Pan, Hells, Win
     0 | D:1      | 0 ||| PLANNING D:1-11
    36 | D:1      | Reached skill level 2 in Axes
    52 | D:1      | 52 ||| Stepping ~*~*~tactically~*~*~ (hiding).
    58 | D:1      | 58 ||| Stepping ~*~*~tactically~*~*~ (stealth).
   212 | D:1      | Reached XP level 2. HP: 19/19 MP: 2/2
   521 | D:1      | 521 ||| Stepping ~*~*~tactically~*~*~ (hiding).
   657 | D:1      | Reached skill level 3 in Axes
   887 | D:1      | 887 ||| UPGRADING to amulet of guardian spirit.
   892 | D:1      | 892 ||| READING 2 scrolls labelled LABLAG NELEITE.
   893 | D:1      | 893 ||| READING scroll labelled OWKOSS NASOIL.
   894 | D:1      | 894 ||| READING scroll labelled TABRAREUPP.
   968 | D:2      | Reached XP level 3. HP: 23/23 MP: 1/3
  1094 | D:2      | 1094 ||| DROPPING +0 whip.
  1101 | D:2      | Noticed Terence
  1111 | D:2      | Killed Terence
  1112 | D:2      | Reached XP level 4. HP: 23/28 MP: 2/4
  1181 | D:2      | Reached skill level 4 in Axes
  1188 | D:2      | 1188 ||| DROPPING +1 whip of distortion.
  1271 | D:2      | 1271 ||| Stepping ~*~*~tactically~*~*~ (stealth).
  1292 | D:2      | 1292 ||| DROPPING +2 whip of flaming.
  1678 | D:2      | 1678 ||| UPGRADING to +0 chain mail.
  1688 | D:2      | 1688 ||| DROPPING +0 scale mail.
  1689 | D:2      | 1689 ||| UPGRADING to +0 plate armour.
  1699 | D:2      | 1699 ||| DROPPING +0 chain mail.
  1700 | D:2      | 1700 ||| READING scroll labelled OPEHUY PAWIJOCK.
  1701 | D:2      | 1701 ||| READING scroll labelled HUOFELI ZUOREMOLI.
  1702 | D:2      | 1702 ||| DRINKING 2 bubbling amethyst potions.
  1703 | D:2      | 1703 ||| DRINKING 2 lumpy yellow potions.
  1704 | D:2      | 1704 ||| DRINKING 2 purple potions.
  1970 | D:3      | 1970 ||| FLEEEEING.
  1971 | D:3      | 1971 ||| FLEEEEING.
  1972 | D:3      | 1972 ||| FLEEEEING.
  1973 | D:3      | 1973 ||| FLEEEEING.
  1974 | D:3      | 1974 ||| FLEEEEING.
  1975 | D:3      | 1975 ||| FLEEEEING.
  1976 | D:3      | 1976 ||| FLEEEEING.
  1977 | D:3      | 1977 ||| FLEEEEING.
  1978 | D:3      | 1978 ||| FLEEEEING.
  1979 | D:3      | 1979 ||| FLEEEEING.
  1982 | D:3      | 1982 ||| FLEEEEING.
  1983 | D:3      | 1983 ||| FLEEEEING.
  1984 | D:3      | 1984 ||| FLEEEEING.
  1987 | D:3      | 1987 ||| FLEEEEING.
  1989 | D:3      | 1989 ||| FLEEEEING.
  1990 | D:3      | 1990 ||| FLEEEEING.
  1991 | D:3      | 1991 ||| FLEEEEING.
  1992 | D:3      | 1992 ||| FLEEEEING.
  1993 | D:3      | 1993 ||| FLEEEEING.
  1994 | D:3      | 1994 ||| FLEEEEING.
  1995 | D:3      | 1995 ||| FLEEEEING.
  1996 | D:3      | 1996 ||| FLEEEEING.
  1997 | D:3      | 1997 ||| FLEEEEING.
  1998 | D:3      | 1998 ||| FLEEEEING.
  1999 | D:3      | 1999 ||| FLEEEEING.
  2000 | D:3      | 2000 ||| FLEEEEING.
  2003 | D:3      | 2003 ||| FLEEEEING.
  2004 | D:3      | 2004 ||| FLEEEEING.
  2005 | D:3      | 2005 ||| FLEEEEING.
  2018 | D:3      | Reached XP level 5. HP: 32/32 MP: 5/5
  2104 | D:3      | Found a bloodstained altar of Trog.
  2211 | D:3      | Reached skill level 5 in Axes
  2266 | D:3      | Identified the +0 leather armour of the Nightingale {+Blink
                  | rC+ Str-2}
  2268 | D:3      | 2268 ||| Stepping ~*~*~tactically~*~*~ (hiding).
  2273 | D:3      | 2273 ||| Stepping ~*~*~tactically~*~*~ (hiding).
  2274 | D:3      | 2274 ||| Stepping ~*~*~tactically~*~*~ (hiding).
  2370 | D:3      | 2370 ||| Stepping ~*~*~tactically~*~*~ (hiding).
  2513 | D:3      | Noticed Grinder
  2534 | D:3      | Killed Grinder
  2535 | D:3      | Reached XP level 6. HP: 30/40 MP: 4/6
  2704 | D:3      | Noticed Natasha
  2712 | D:3      | Killed Natasha
  2713 | D:3      | Reached XP level 7. HP: 44/44 MP: 7/7
  2728 | D:3      | 2728 ||| Stepping ~*~*~tactically~*~*~ (stealth).
  2772 | D:3      | You fall into a shaft and drop 2 floors!
  2772 | D:5      | Entered Level 5 of the Dungeon
  2773 | D:5      | 2773 ||| PLANNING SEWER
  2774 | D:5      | 2774 ||| Stepping ~*~*~tactically~*~*~ (stealth).
  2798 | D:5      | Reached skill level 6 in Axes
  3045 | D:5      | Reached skill level 7 in Axes
  3074 | D:5      | Noticed Sigmund
  3075 | D:5      | 3075 ||| Stepping ~*~*~tactically~*~*~ (hiding).
  3076 | D:5      | 3076 ||| Stepping ~*~*~tactically~*~*~ (hiding).
  3078 | D:5      | 3078 ||| Stepping ~*~*~tactically~*~*~ (hiding).
  3088 | D:5      | 3088 ||| DRINKING potion of curing.
  3088 | D:5      | 3088 ||| (to cure confusion)
  3099 | D:5      | Killed Sigmund
  3100 | D:5      | Reached XP level 8. HP: 44/50 MP: 5/8
  3102 | D:5      | 3102 ||| FLEEEEING.
  3130 | D:5      | 3130 ||| Stepping ~*~*~tactically~*~*~ (stealth).
  3133 | D:5      | 3133 ||| Stepping ~*~*~tactically~*~*~ (hiding).
  3157 | D:5      | Reached skill level 1 in Dodging
  3299 | D:5      | 3299 ||| Stepping ~*~*~tactically~*~*~ (stealth).
  3301 | D:5      | 3301 ||| Stepping ~*~*~tactically~*~*~ (stealth).
  3530 | D:5      | 3530 ||| RIP SEWER
  3548 | D:5      | 3548 ||| PLANNING D:1-11
  3549 | D:5      | 3549 ||| Stepping ~*~*~tactically~*~*~ (stealth).
  3550 | D:5      | 3550 ||| UPGRADING to +0 helmet.
  3556 | D:5      | 3556 ||| UPGRADING to amulet of regeneration.
  3566 | D:5      | 3566 ||| DROPPING amulet of guardian spirit.
  3567 | D:5      | 3567 ||| READING scroll labelled OFANKU ZILUUCH.
  3580 | D:5      | 3580 ||| Stepping ~*~*~tactically~*~*~ (stealth).
  3687 | D:5      | 3687 ||| READING scroll labelled EQOEFODURA.
  3688 | D:5      | 3688 ||| DRINKING 2 golden potions.
  3689 | D:5      | 3689 ||| DROPPING potion of brilliance.
  3725 | D:4      | 3725 ||| Stepping ~*~*~tactically~*~*~ (hiding).
  4337 | D:4      | Reached skill level 8 in Axes
  4733 | D:4      | 4733 ||| DROPPING scarf of shadows.
  4734 | D:4      | 4734 ||| UPGRADING to ring of protection from fire.
  4735 | D:4      | 4735 ||| READING scroll labelled KUL DUWKUWYBB.
  4736 | D:4      | 4736 ||| READING scroll labelled XUSIATICAQ.
  4739 | D:4      | 4739 ||| DRINKING 2 blue potions.
  4740 | D:4      | 4740 ||| READING 2 scrolls of identify.
  4740 | D:4      | 4740 ||| IDENTIFYING amethyst potion
  4747 | D:5      | 4747 ||| PLANNING TEMPLE
  4747 | D:5      | 4747 ||| STAIRDANCE
  4751 | D:5      | 4751 ||| STAIRDANCE
  4755 | D:5      | 4755 ||| STAIRDANCE
  4759 | D:5      | 4759 ||| STAIRDANCE
  4763 | D:5      | 4763 ||| STAIRDANCE
  4767 | D:5      | 4767 ||| STAIRDANCE
  4771 | D:5      | 4771 ||| STAIRDANCE
  4775 | D:5      | 4775 ||| STAIRDANCE
  4779 | D:5      | 4779 ||| STAIRDANCE
  4783 | D:5      | 4783 ||| STAIRDANCE
  4787 | D:5      | 4787 ||| STAIRDANCE
  4791 | D:5      | 4791 ||| STAIRDANCE
  4795 | D:5      | 4795 ||| STAIRDANCE
  4799 | D:5      | 4799 ||| STAIRDANCE
  4803 | D:5      | 4803 ||| STAIRDANCE
  4807 | D:5      | 4807 ||| STAIRDANCE
  4811 | D:5      | 4811 ||| STAIRDANCE
  4815 | D:5      | 4815 ||| STAIRDANCE
  4819 | D:5      | 4819 ||| STAIRDANCE
  4823 | D:5      | 4823 ||| STAIRDANCE
  4860 | D:5      | Found a staircase to the Ecumenical Temple.
  4869 | Temple   | Entered the Ecumenical Temple
  4898 | Temple   | 4898 ||| PLANNING OKAWARU WORSHIP
  4979 | Temple   | Became a worshipper of Warmaster Okawaru
  4980 | Temple   | 4980 ||| PLANNING D:1-11
  5078 | D:5      | Noticed Prince Ribbit
  5116 | D:5      | Killed Prince Ribbit
  5117 | D:5      | Reached skill level 6 in Fighting
  5237 | D:6      | 5237 ||| PLANNING OSSUARY
  5275 | D:6      | Reached XP level 9. HP: 56/56 MP: 9/9
  5309 | D:6      | Noticed Pikel
  5334 | D:6      | HP: 14/56 [Pikel/+1 whip of electrocution (5)]
  5343 | D:6      | Killed Pikel
  5343 | D:6      | Reached * piety under Okawaru
  5344 | D:6      | Reached skill level 9 in Axes
  5386 | D:6      | Found a glowing golden altar of the Shining One.
  5532 | D:6      | Found a sand-covered staircase.
  5538 | D:6      | Reached skill level 1 in Invocations
  5546 | D:6      | 5546 ||| READING 2 scrolls of identify.
  5546 | D:6      | 5546 ||| IDENTIFYING murky clear potion
  5547 | D:6      | 5547 ||| DROPPING potion of ambrosia.
  5552 | Ossuary  | Entered an ossuary
  5749 | Ossuary  | 5749 ||| READING scroll labelled OCYCVE ISEI.
  5749 | Ossuary  | Identified a scroll of acquirement
  5749 | Ossuary  | 5749 ||| ACQUIRING +1 vampiric broad axe
  5749 | Ossuary  | Acquired a +1 vampiric broad axe
  5751 | Ossuary  | 5751 ||| SWAPPING to +1 vampiric broad axe.
  5752 | Ossuary  | 5752 ||| READING scroll labelled IQEIMI CORIORO.
  5753 | Ossuary  | 5753 ||| READING scroll labelled OVODWO BIAWKYT.
  5754 | Ossuary  | 5754 ||| READING 3 scrolls of identify.
  5754 | Ossuary  | 5754 ||| IDENTIFYING viscous dark potion
  5755 | Ossuary  | 5755 ||| READING 2 scrolls of identify.
  5755 | Ossuary  | 5755 ||| IDENTIFYING fizzy pink potion
  5756 | Ossuary  | 5756 ||| DROPPING potion of invisibility.
  5757 | Ossuary  | 5757 ||| DROPPING scroll of immolation.
  5773 | D:6      | 5773 ||| PLANNING D:1-11
  5929 | D:6      | 5929 ||| INVOKING Heroism.
  6053 | D:6      | Found a sacrificial altar of Ru.
  6269 | D:6      | Reached skill level 3 in Invocations
  6426 | D:6      | 6426 ||| Stepping ~*~*~tactically~*~*~ (stealth).
  6430 | D:6      | 6430 ||| Stepping ~*~*~tactically~*~*~ (hiding).
  6431 | D:6      | 6431 ||| Stepping ~*~*~tactically~*~*~ (hiding).
  6453 | D:6      | 6453 ||| INVOKING Heroism.
  6471 | D:6      | 6471 ||| Stepping ~*~*~tactically~*~*~ (stealth).
  6507 | D:6      | 6507 ||| Stepping ~*~*~tactically~*~*~ (stealth).
  6591 | D:6      | 6591 ||| Stepping ~*~*~tactically~*~*~ (stealth).
  6639 | D:6      | 6639 ||| UPGRADING to +0 pair of gloves.
  6672 | D:6      | 6672 ||| Stepping ~*~*~tactically~*~*~ (stealth).
  6838 | D:7      | 6838 ||| INVOKING Heroism.
  6946 | D:7      | 6946 ||| Stepping ~*~*~tactically~*~*~ (hiding).
  6948 | D:7      | 6948 ||| Stepping ~*~*~tactically~*~*~ (hiding).
  6958 | D:7      | Reached skill level 6 in Armour
  6976 | D:7      | Found a radiant altar of Vehumet.
  6977 | D:7      | 6977 ||| INVOKING Heroism.
  7022 | D:7      | Found Cischede's Assorted Antiques.
  7027 | D:7      | 7027 ||| BUYING glowing war axe (188 gold).
  7027 | D:7      | Bought a glowing war axe for 188 gold pieces
  7027 | D:7      | 7027 ||| BUYING potion of curing (87 gold).
  7027 | D:7      | Bought a potion of curing for 87 gold pieces
  7027 | D:7      | 7027 ||| SHOPLISTING runed helmet (217 gold, have 90).
  7027 | D:7      | 7027 ||| BUYING scroll labelled TOZEOR GUSTAWNAETY (29
                  | gold).
  7027 | D:7      | Bought a scroll labelled TOZEOR GUSTAWNAETY for 29 gold
                  | pieces
  7027 | D:7      | 7027 ||| BUYING scroll of identify (58 gold).
  7027 | D:7      | Bought a scroll of identify for 58 gold pieces
  7027 | D:7      | 7027 ||| SHOPLISTING tubular bronze ring (145 gold, have
                  | 3).
  7027 | D:7      | 7027 ||| DROPPING +0 war axe.
  7155 | D:7      | Identified the +1 scale mail of the Sparrow {Rampage rPois
                  | Str-5 SInv}
  7544 | D:7      | 7544 ||| READING scroll labelled TOZEOR GUSTAWNAETY.
  7579 | D:8      | 7579 ||| DROPPING +1 mace of protection.
  7607 | D:8      | 7607 ||| READING scroll of enchant armour.
  7607 | D:8      | 7607 ||| ENCHANTING +0 pair of gloves.
  7644 | D:8      | Reached skill level 1 in Throwing
  7644 | D:8      | Reached XP level 10. HP: 63/63 MP: 13/13
  7706 | D:8      | Reached skill level 3 in Throwing
  7892 | D:8      | Reached skill level 10 in Axes
  7909 | D:8      | Found a flagged portal.
  8103 | D:8      | Reached ** piety under Okawaru
  8107 | D:8      | 8107 ||| Stepping ~*~*~tactically~*~*~ (hiding).
  8110 | D:8      | 8110 ||| INVOKING Heroism.
  8139 | D:8      | Noticed a boulder beetle
  8139 | D:8      | Noticed a centaur warrior
  8140 | D:8      | 8140 ||| INVOKING Heroism.
  8141 | D:8      | Noticed a brown ugly thing
  8142 | D:8      | HP: 6/63 [centaur warrior/arrow (14)]
  8143 | D:8      | 8143 ||| READING 5 scrolls of teleportation.
  8144 | D:8      | 8144 ||| DRINKING potion of heal wounds.
  8233 | D:8      | 8233 ||| INVOKING Heroism.
  8246 | D:8      | 8246 ||| Stepping ~*~*~tactically~*~*~ (stealth).
  8260 | D:8      | 8260 ||| Stepping ~*~*~tactically~*~*~ (stealth).
  8262 | D:8      | 8262 ||| Stepping ~*~*~tactically~*~*~ (hiding).
  8268 | D:8      | 8268 ||| INVOKING Heroism.
  8293 | D:8      | 8293 ||| INVOKING Heroism.
  8296 | D:8      | Killed a centaur warrior
  8302 | D:8      | Killed a boulder beetle
  8313 | D:8      | 8313 ||| Stepping ~*~*~tactically~*~*~ (stealth).
  8331 | D:8      | 8331 ||| INVOKING Heroism.
  8335 | D:8      | Killed a brown ugly thing
  8335 | D:8      | Reached *** piety under Okawaru
  8414 | D:8      | 8414 ||| READING scroll of enchant weapon.
  8414 | D:8      | 8414 ||| ENCHANTING +1 vampiric broad axe.
  8482 | D:8      | 8482 ||| UPGRADING to amulet of reflection.
  8492 | D:8      | 8492 ||| DROPPING amulet of regeneration.
  8493 | D:8      | 8493 ||| DROPPING ring of flight.
  8494 | D:8      | 8494 ||| READING 2 scrolls of identify.
  8494 | D:8      | 8494 ||| IDENTIFYING glowing white potion
  8509 | D:9      | Found a transporter.
  8509 | D:9      | Noticed a death knight
  8510 | D:9      | Found an ancient bone altar of Kikubaaqudgha.
  8510 | D:9      | Noticed a death knight
  8551 | D:9      | Found a basalt altar of Yredelemnul.
  8616 | D:9      | Found a transporter.
  8646 | D:9      | Reached skill level 11 in Axes
  8655 | D:9      | Noticed a two-headed ogre
  8656 | D:9      | 8656 ||| INVOKING Heroism.
  8666 | D:9      | Killed a two-headed ogre
  8667 | D:9      | Reached skill level 9 in Fighting
  8667 | D:9      | Reached XP level 11. HP: 58/71 MP: 12/14
  8772 | D:9      | 8772 ||| Stepping ~*~*~tactically~*~*~ (stealth).
  8774 | D:9      | 8774 ||| INVOKING Heroism.
  8776 | D:9      | 8776 ||| Stepping ~*~*~tactically~*~*~ (hiding).
  8816 | D:9      | Found a staircase to the Orcish Mines.
  8857 | D:9      | 8857 ||| Stepping ~*~*~tactically~*~*~ (stealth).
  8885 | D:9      | 8885 ||| INVOKING Heroism.
  9161 | D:9      | Noticed a centaur warrior
  9163 | D:9      | Noticed a brown ugly thing
  9168 | D:9      | 9168 ||| Stepping ~*~*~tactically~*~*~ (stealth).
  9190 | D:9      | 9190 ||| Stepping ~*~*~tactically~*~*~ (stealth).
  9209 | D:9      | 9209 ||| INVOKING Heroism.
  9245 | D:9      | 9245 ||| Stepping ~*~*~tactically~*~*~ (hiding).
  9307 | D:9      | 9307 ||| DRINKING 7 potions of curing.
  9307 | D:9      | 9307 ||| (to cure confusion)
  9400 | D:9      | 9400 ||| Stepping ~*~*~tactically~*~*~ (stealth).
  9422 | D:9      | 9422 ||| INVOKING Heroism.
  9429 | D:9      | Killed a brown ugly thing
  9429 | D:9      | Reached **** piety under Okawaru
  9447 | D:9      | 9447 ||| Stepping ~*~*~tactically~*~*~ (hiding).
  9452 | D:9      | Killed a centaur warrior
  9453 | D:9      | Reached skill level 12 in Axes
  9769 | D:10     | Entered Level 10 of the Dungeon
  9786 | D:10     | Noticed a two-headed ogre
  9787 | D:10     | 9787 ||| INVOKING Heroism.
  9792 | D:10     | Killed a two-headed ogre
  9793 | D:10     | Reached skill level 6 in Shields
  9889 | D:10     | 9889 ||| INVOKING Heroism.
 10064 | D:10     | Noticed a two-headed ogre
 10065 | D:10     | 10065 ||| INVOKING Heroism.
 10069 | D:10     | Killed a two-headed ogre
 10070 | D:10     | Reached skill level 6 in Invocations
 10238 | D:10     | 10238 ||| INVOKING Heroism.
 10438 | D:10     | 10438 ||| INVOKING Heroism.
 10445 | D:10     | Reached XP level 12. HP: 76/76 MP: 13/17
 10556 | D:10     | 10556 ||| UPGRADING to +0 pair of boots.
 10561 | D:10     | 10561 ||| READING 3 scrolls labelled ELA ZERRYUFECUU.
 10562 | D:10     | 10562 ||| READING 2 scrolls of identify.
 10562 | D:10     | 10562 ||| IDENTIFYING murky inky potion
 10563 | D:10     | 10563 ||| DROPPING 2 scrolls of amnesia.
 10630 | D:11     | 10630 ||| INVOKING Heroism.
 10939 | D:11     | Reached skill level 9 in Armour
 11007 | D:11     | Reached ***** piety under Okawaru
 11022 | D:11     | 11022 ||| Stepping ~*~*~tactically~*~*~ (hiding).
 11139 | D:11     | 11139 ||| INVOKING Heroism.
 11181 | D:11     | Noticed a death yak
 11194 | D:11     | 11194 ||| FLEEEEING.
 11194 | D:11     | Noticed a death yak
 11195 | D:11     | 11195 ||| FLEEEEING.
 11196 | D:11     | 11196 ||| STAIRDANCE
 11243 | D:11     | Noticed a death yak
 11244 | D:11     | 11244 ||| INVOKING Heroism.
 11245 | D:11     | 11245 ||| INVOKING Finesse.
 11253 | D:11     | Killed a death yak
 11261 | D:11     | Killed a death yak
 11271 | D:11     | Killed a death yak
 11271 | D:11     | Received a gift from Okawaru
 11328 | D:11     | Found a staircase to the Lair.
 11348 | D:11     | 11348 ||| Stepping ~*~*~tactically~*~*~ (hiding).
 11352 | D:11     | 11352 ||| INVOKING Heroism.
 11357 | D:11     | Reached skill level 9 in Invocations
 11441 | D:11     | 11441 ||| Stepping ~*~*~tactically~*~*~ (hiding).
 11689 | D:11     | 11689 ||| PLANNING LAIR
 11689 | D:11     | 11689 ||| DRINKING 2 murky black potions.
 11734 | Lair:1   | Entered Level 1 of the Lair of Beasts
 11753 | Lair:1   | 11753 ||| Stepping ~*~*~tactically~*~*~ (stealth).
 11783 | Lair:1   | Received a gift from Okawaru
 11798 | Lair:1   | 11798 ||| Stepping ~*~*~tactically~*~*~ (stealth).
 11800 | Lair:1   | 11800 ||| Stepping ~*~*~tactically~*~*~ (stealth).
 11802 | Lair:1   | 11802 ||| INVOKING Heroism.
 11890 | Lair:1   | 11890 ||| INVOKING Heroism.
 11905 | Lair:1   | Received a gift from Okawaru
 11942 | Lair:1   | 11942 ||| DROPPING +1 heavy war axe.
 12080 | Lair:1   | Reached skill level 13 in Axes
 12183 | Lair:1   | Reached XP level 13. HP: 82/82 MP: 20/20
 12218 | Lair:1   | Found a white marble altar of Elyvilon.
 12354 | Lair:1   | 12354 ||| INVOKING Heroism.
 12546 | Lair:1   | 12546 ||| Stepping ~*~*~tactically~*~*~ (stealth).
 12718 | Lair:1   | 12718 ||| READING scroll labelled FAITIU TESS.
 12732 | Lair:2   | Received a gift from Okawaru
 12738 | Lair:2   | 12738 ||| STAIRDANCE
 12794 | Lair:2   | 12794 ||| INVOKING Heroism.
 12851 | Lair:2   | 12851 ||| INVOKING Heroism.
 12953 | Lair:2   | Found a staircase to the Shoals.
 13006 | Lair:2   | 13006 ||| INVOKING Heroism.
 13085 | Lair:2   | 13085 ||| Stepping ~*~*~tactically~*~*~ (stealth).
 13114 | Lair:2   | Reached skill level 14 in Axes
 13115 | Lair:2   | Received a gift from Okawaru
 13225 | Lair:2   | 13225 ||| INVOKING Heroism.
 13293 | Lair:2   | Found a hole to the Spider Nest.
 13294 | Lair:2   | 13294 ||| INVOKING Finesse.
 13310 | Lair:2   | Received a gift from Okawaru
 13724 | Lair:2   | 13724 ||| DROPPING +0 pair of boots of stealth.
 13857 | Lair:3   | 13857 ||| READING scroll of enchant weapon.
 13857 | Lair:3   | 13857 ||| ENCHANTING +2 vampiric broad axe.
 14076 | Lair:3   | 14076 ||| Stepping ~*~*~tactically~*~*~ (stealth).
 14078 | Lair:3   | 14078 ||| INVOKING Heroism.
 14584 | Lair:4   | 14584 ||| INVOKING Heroism.
 14618 | Lair:4   | 14618 ||| Stepping ~*~*~tactically~*~*~ (stealth).
 14621 | Lair:4   | 14621 ||| Stepping ~*~*~tactically~*~*~ (stealth).
 14624 | Lair:4   | 14624 ||| Stepping ~*~*~tactically~*~*~ (stealth).
 14626 | Lair:4   | 14626 ||| Stepping ~*~*~tactically~*~*~ (stealth).
 14636 | Lair:4   | Found a staircase to the Slime Pits.
 14637 | Lair:4   | Found a viscous altar of Jiyva.
 14656 | Lair:4   | 14656 ||| Stepping ~*~*~tactically~*~*~ (stealth).
 14697 | Lair:4   | Identified the ring "Jocsuipp" {rN+ rCorr}
 14744 | Lair:4   | 14744 ||| Stepping ~*~*~tactically~*~*~ (stealth).
 14746 | Lair:4   | 14746 ||| Stepping ~*~*~tactically~*~*~ (stealth).
 14752 | Lair:4   | 14752 ||| INVOKING Heroism.
 14753 | Lair:4   | 14753 ||| Stepping ~*~*~tactically~*~*~ (stealth).
 14765 | Lair:4   | 14765 ||| Stepping ~*~*~tactically~*~*~ (stealth).
 14876 | Lair:4   | 14876 ||| INVOKING Heroism.
 14880 | Lair:4   | 14880 ||| SWAPPING to +0 flail.
 14884 | Lair:4   | 14884 ||| SWAPPING to +3 vampiric broad axe.
 14978 | Lair:4   | 14978 ||| Stepping ~*~*~tactically~*~*~ (stealth).
 14979 | Lair:4   | 14979 ||| Stepping ~*~*~tactically~*~*~ (stealth).
 14981 | Lair:4   | 14981 ||| Stepping ~*~*~tactically~*~*~ (stealth).
 14991 | Lair:4   | Gained mutation: Your large and strong wings let you fly.
                  | [Gargoyle growth]
 14991 | Lair:4   | Reached XP level 14. HP: 87/90 MP: 21/21
 14992 | Lair:4   | Reached skill level 6 in Throwing
 15229 | Lair:4   | 15229 ||| Stepping ~*~*~tactically~*~*~ (stealth).
 15230 | Lair:4   | 15230 ||| Stepping ~*~*~tactically~*~*~ (stealth).
 15237 | Lair:4   | 15237 ||| INVOKING Heroism.
 15238 | Lair:4   | 15238 ||| INVOKING Finesse.
 15254 | Lair:4   | 15254 ||| SWAPPING to +0 flail.
 15267 | Lair:4   | 15267 ||| SWAPPING to +3 vampiric broad axe.
 15287 | Lair:4   | Reached skill level 15 in Axes
 15836 | Lair:4   | 15836 ||| UPGRADING to ring "Jocsuipp" {rN+ rCorr}.
 15871 | Lair:5   | Entered Level 5 of the Lair of Beasts
 15884 | Lair:5   | Received a gift from Okawaru
 15988 | Lair:5   | 15988 ||| INVOKING Heroism.
 15994 | Lair:5   | 15994 ||| SWAPPING to +0 flail.
 16001 | Lair:5   | 16001 ||| INVOKING Finesse.
 16018 | Lair:5   | 16018 ||| Stepping ~*~*~tactically~*~*~ (outnumbered).
 16019 | Lair:5   | 16019 ||| INVOKING Heroism.
 16035 | Lair:5   | HP: 16/90 [elephant (9)]
 16036 | Lair:5   | 16036 ||| READING 5 scrolls of teleportation.
 16037 | Lair:5   | 16037 ||| DRINKING potion of heal wounds.
 16044 | Lair:5   | 16044 ||| SWAPPING to +3 vampiric broad axe.
 16050 | Lair:5   | Received a gift from Okawaru
 16066 | Lair:5   | Reached skill level 12 in Fighting
 16102 | Lair:5   | 16102 ||| Stepping ~*~*~tactically~*~*~ (stealth).
 16103 | Lair:5   | 16103 ||| SWAPPING to +0 flail.
 16110 | Lair:5   | 16110 ||| INVOKING Finesse.
 16123 | Lair:5   | HP: 23/92 [seven-headed hydra (5)]
 16124 | Lair:5   | 16124 ||| READING 4 scrolls of teleportation.
 16126 | Lair:5   | HP: 7/92 [black mamba (9)]
 16127 | Lair:5   | Slain by a seven-headed hydra

Levels and vault maps discovered:
D:1:      giann_forest_graveyard, layout_loops_ring, serial_glass,
          glass_columns_a, glass_columns_b
D:2:      layout_basic, kennysheep_cross_room, uniq_terence
D:3:      layout_loops_corners, lemuel_coloured_pillars_altar,
          minmay_misc_feat_five, uniq_grinder, uniq_natasha
D:4:      layout_basic
D:5:      layout_basic, temple_hall, portal_sewer_entry_b, uniq_sigmund,
          uniq_prince_ribbit1
D:6:      layout_loops_corners, nicolae_ru_awakened_eye, tso_metal_star,
          nicolae_ossuary_entry_giza, minmay_mini_ossuary, uniq_pikel
D:7:      layout_basic, vehumet_statue, serial_shops, shop
D:8:      minmay_chambers_of_sevens, layout_gridville, enter_bailey_8
D:9:      layout_basic, gammafunk_temple_of_torment, hiddenorc1_lemuel,
          minmay_fractal_squares_gapless_7
D:10:     layout_gridville
D:11:     layout_basic, dpeg_lair_monsters
Temple:   nicolae_temple_superstar
Lair:1:   layout_roguey, basic_altar, nicolae_lair_grove_arrangements
Lair:2:   layout_chaotic_city, nicolae_shoals_entry_flooding,
          nicolae_spider_entry_orb_guardian, serial_bayou_shore_a
Lair:3:   layout_chaotic_city, dreamdust_gnoll_shepherd, grunt_megastairs_1,
          lemuel_fruit_tree
Lair:4:   layout_layer_cave, minmay_slime_entry_jelly_boxes,
          grunt_forest_large_clearings
Lair:5:   hangedman_lair_tendril_chambers, layout_misc_corridors,
          guppyfry_lair_end_dragon, gammafunk_ghost_cemetery,
          chequers_serial_rivers_small_a, kilobyte_rumbling_trees

Skill      XL: |  1  2  3  4  5  6  7  8  9 10 11 12 13 14 |
---------------+-------------------------------------------+-----
Axes           | 2 3 4 5 7 8 9 11 12 13 14 15 | 15.2
Fighting       | 5 6 7 9 10 11 12 | 12.0
Armour         | 5 6 7 8 9 10 11 | 11.0
Dodging        | 1 2 |  2.0
Invocations    | 4 6 10 | 10.0
Shields        | 4 5 6 7 |  7.6
Throwing       | 1 3 4 5 6 |  6.0

Action                     |  1- 3 |  4- 6 |  7- 9 | 10-12 | 13-15 || total
---------------------------+-------+-------+-------+-------+-------++-------
  Melee: War axe           |    64 |   130 |   352 |       |       ||   546
         Broad axe         |       |       |   150 |   569 |   405 ||  1124
         Flail             |       |       |       |       |    80 ||    80
  Throw: Boomerang         |    19 |     5 |       |    13 |    42 ||    79
         Javelin           |       |       |     8 |    98 |    92 ||   198
 Invoke: Heroism           |       |       |     4 |    22 |    12 ||    38
         Finesse           |       |       |       |     1 |     4 ||     5
    Use: Scroll            |     3 |     2 |    13 |     5 |     4 ||    27
         Potion            |       |     3 |     3 |     3 |     1 ||    10
   Stab: Petrified         |       |       |       |       |     8 ||     8
         Confused          |       |       |       |       |     3 ||     3
 Armour: Scale mail        |    20 |    14 |       |       |       ||    34
         Plate armour      |       |    44 |   347 |   325 |   321 ||  1037
  Dodge: Dodged            |    25 |    51 |   138 |   131 |   135 ||   480
  Block: Buckler           |    19 |    22 |    95 |   265 |   232 ||   633
         Reflection        |       |       |       |     8 |       ||     8

Table legend:
 A = Non-vault XP
 B = Vault XP
 C = Vault XP percentage of total XP
 D = Non-vault monster count
 E = Vault monster count
 F = Vault count percentage of total count
                 A         B        C        D         E       F
            +---------+---------+-------+---------+---------+-------
      Total |   55626 |   18362 |  24.8 |     358 |     121 |  25.3
            +---------+---------+-------+---------+---------+-------
        D:1 |      30 |       0 |   0.0 |      16 |       0 |   0.0
        D:2 |      59 |      36 |  37.9 |      18 |       1 |   5.3
        D:3 |     229 |     307 |  57.3 |      32 |       2 |   5.9
        D:4 |     166 |       0 |   0.0 |      18 |       0 |   0.0
        D:5 |     871 |     509 |  36.9 |      23 |       9 |  28.1
        D:6 |     689 |     747 |  52.0 |      20 |       8 |  28.6
        D:7 |     705 |      32 |   4.3 |      17 |       1 |   5.6
        D:8 |    1032 |    3368 |  76.5 |      10 |      14 |  58.3
        D:9 |    3090 |    2789 |  47.4 |      28 |      27 |  49.1
       D:10 |    3540 |       0 |   0.0 |      12 |       0 |   0.0
       D:11 |    5508 |    2482 |  31.1 |      30 |       5 |  14.3
     Lair:1 |    8095 |       0 |   0.0 |      32 |       0 |   0.0
     Lair:2 |    8850 |    1108 |  11.1 |      24 |       2 |   7.7
     Lair:3 |    4563 |    1000 |  18.0 |      22 |       5 |  18.5
     Lair:4 |   10133 |    1471 |  12.7 |      30 |      15 |  33.3
     Lair:5 |    8066 |    4303 |  34.8 |      26 |      22 |  45.8
    Ossuary |       0 |     210 | 100.0 |       0 |      10 | 100.0
            +---------+---------+-------+---------+---------+-------
